 Dungeon Crawl Stone Soup version 0.29-a0-775-g4d7333d4e2 (webtiles) character file.

Game seed: 5371620393330932638

10 omnomnOMINOUS the Chiller (level 2, -1/18 HPs)
             Began as an Octopode Wanderer on July 1, 2022.
             Was a Follower of Ru.
             Slain by a goblin
             ... wielding a +0 club
              (3 damage)
             ... on level 1 of the Dungeon.
             The game lasted 00:02:22 (484 turns).

omnomnOMINOUS the Chiller (Octopode Wanderer)        Turns: 484, Time: 00:02:22

Health: -1/18      AC:  1    Str:  8    XL:     2   Next: 20%
Magic:  4/4        EV: 12    Int: 17    God:    Ru [*.....]
Gold:   31         SH:  0    Dex: 11    Spells: 3/3 levels left

rFire   . . .      SeeInvis .   a - +0 dagger
rCold   . . .      Faith    .   (no shield)
rNeg    . . .      Spirit   .   (helmet restricted)
rPois   .          Reflect  .   (no amulet)
rElec   .          Harm     .   (no ring)
rCorr   .          Rampage  .   (no ring)
Will    .....                   (no ring)
Stlth   +++.......              (no ring)
HPRegen 0.06/turn               (no ring)
MPRegen 0.09/turn               (no ring)
                                (no ring)
                                (no ring)

@: no status effects
A: almost no armour, amphibious, 8 rings, camouflage 1, gelatinous body 1,
disrupted magic 1, (nimble swimmer 1), tentacles
a: Renounce Religion


You were on level 1 of the Dungeon.
You worshipped Ru.
Ru was aware of your devotion.
You visited 1 branch of the dungeon, and saw 1 of its levels.

You collected 31 gold pieces.

Inventory:

Hand Weapons
 a - a +0 dagger (weapon)
Missiles
 b - 13 poisoned darts (quivered)
Scrolls
 c - a scroll of fog
 d - 2 scrolls of summoning {unknown}
 e - a scroll of enchant armour {unknown}
 f - 3 scrolls of identify {unknown}


   Skills:
 + Level 1.0 Fighting
 - Level 3.0 Throwing
 + Level 0.8 Dodging
 - Level 2.6 Stealth
 + Level 1.3 Spellcasting
 - Level 1.0 Summonings
 - Level 3.0 Ice Magic


You had 3 spell levels left.
You didn't know any spells.
Your spell library contained the following spells:

 Spells                   Type           Power      Damage    Failure   Level
 Freeze                   Ice            44%        1d6       10%         1
 Summon Small Mammal      Summ           16%        N/A       21%         1
 Frozen Ramparts          Ice            22%        1d4       26%         3
 Ozocubu's Armour         Ice            11%        N/A       26%         3
 Summon Guardian Golem    Hex/Summ       2%         N/A       54%         3


Dungeon Overview and Level Annotations

Branches:
Dungeon (1/15)

Altars:
Ru


Innate Abilities, Weirdness & Mutations

You cannot wear most types of armour.
You are amphibious.
You can wear up to eight rings at the same time.
Your skin changes colour to match your surroundings (Stealth+).
Your rubbery body absorbs attacks. (AC +1, EV +1)
Your casting is slightly disrupted.
((You are camouflaged when in or above water. (Stealth+)))
You have tentacles for arms and can constrict up to eight enemies at once.


Message History

You kill the endoplasm!
You start resting.
Magic restored.
HP restored.
Found a hand axe.
A quokka and a frilled lizard come into view.
A goblin comes into view. It is wielding a +0 club.
Found 14 gold pieces.
You closely miss the quokka. Your grab misses the quokka. The quokka bites you.
You miss the quokka. Your grab misses the quokka.
Your squeeze misses the quokka. The quokka bites you.
You barely miss the quokka. You grab the quokka.
You constrict the quokka, but do no damage.
The quokka bites you.
The frilled lizard bites you but does no damage.
You closely miss the frilled lizard. You grab the frilled lizard.
You squeeze the frilled lizard, but do no damage.
You constrict the quokka, but do no damage.
You constrict the frilled lizard. The quokka bites you. x2
* * * LOW HITPOINT WARNING * * *
The frilled lizard bites you.
* * * LOW HITPOINT WARNING * * *
You aren't carrying any potions.
You hit the frilled lizard.
You kill the frilled lizard!
You constrict the quokka, but do no damage.
The quokka barely misses you.
Your Fighting skill increases to level 1!
You closely miss the goblin. Your grab misses the goblin.
You constrict the quokka, but do no damage.
The quokka barely misses you. The goblin misses you.
You hit the goblin. Your grab misses the goblin.
The goblin is heavily wounded.
You constrict the quokka. The quokka closely misses you.
The goblin closely misses you.
You miss the goblin. Your grab misses the goblin.
The goblin is heavily wounded.
You constrict the quokka, but do no damage.
The quokka barely misses you. The goblin hits you with a +0 club.
You die...

#............
..........###
..........# .$
..........#### ...
.............. ....
...........#..######....
#........####...!.......
##......### #...........
####.....# #r@g......
#.....# #.........
#.....# #.........
#.....#####.........
#...............####
#.....###########
#.....# #.....# #######


You could see a quokka and a goblin.

Vanquished Creatures
  2 endoplasms (D:1)
  A goblin (D:1)
  A hobgoblin (D:1)
  A kobold (D:1)
  2 frilled lizards (D:1)
  2 rats (D:1)
  A spectral goblin (D:1)
10 creatures vanquished.

Notes
Turn   | Place    | Note
-------+----------+-------------------------------------------
     0 | D:1      | omnomnOMINOUS the Octopode Wanderer began the quest for the
                  | Orb.
     0 | D:1      | omnomnOMINOUS set off with the following items: a +0
                  | dagger, 13 poisoned darts, a scroll of fog; and the
                  | following spells available to memorise: Freeze, Summon
                  | Small Mammal, Frozen Ramparts, Ozocubu's Armour, Summon
                  | Guardian Golem.
     0 | D:1      | Reached XP level 1. HP: 11/11 MP: 2/2
     9 | D:1      | Found a faded altar of an unknown god.
    20 | D:1      | Prayed at the altar of an unknown god.
    20 | D:1      | Became a worshipper of Ru the Awakened
    45 | D:1      | Gained mutation: Your casting is slightly disrupted. [Ru
                  | sacrifice]
    45 | D:1      | Reached * piety under Ru
   141 | D:1      | Reached XP level 2. HP: 11/18 MP: 3/3
   482 | D:1      | Reached skill level 1 in Fighting
   484 | D:1      | Slain by a goblin

Illustrated notes

Levels and vault maps discovered:
D:1:      erik_arrival_orb_chamber, layout_rooms,
          dreamdust_ecumenical_altar_drowned_temple

Skill      XL: |  1  2 |
---------------+-------+-----
Fighting       | 1 |  1.0
Throwing       | |  3.0
Dodging        | |  0.8
Stealth        | |  2.6
Spellcasting   | |  1.3
Summonings     | |  1.0
Ice Magic      | |  3.0

Action                   || total
-------------------------++-------
Melee: Dagger            ||    27
       Tentacles         ||     5
       Constrict         ||     3
Invok: Sacrifice Essence ||     1
 Stab: Sleeping          ||     3
Armor: Skin              ||     2
Dodge: Dodged            ||     9

Table legend: (Time is in decaauts)
 A = Elapsed time spent in this place.
 B = Non-inter-level travel time spent in this place.
 C = Inter-level travel time spent in this place.
 D = Time resting spent in this place.
 E = Time spent auto-exploring this place.
 F = Levels seen in this place.
 G = Mean time per level.
                   A        B        C        D        E       F      G
               +--------+--------+--------+--------+--------+-----+--------+
         Total |    484 |    484 |      0 |     11 |    391 |   1 |  484.0 |
       Dungeon |    484 |    484 |      0 |     11 |    391 |   1 |  484.0 |
               +--------+--------+--------+--------+--------+-----+--------+

Top non-repeatable levels by time:
     D:1: 484 daAuts
